 Dungeon Crawl Stone Soup version 0.31.0-9-g3a7656b989 (webtiles) character file.

Game seed: 2110953077938911893

213 qw the Skirmisher (level 5, -1/29 HPs)
             Began as a Deep Elf Hunter on Feb 2, 2024.
             Killed by divine providence
             ... invoked by an orc priest
              (13 damage)
             ... on level 4 of the Dungeon.
             The game lasted 00:00:10 (2837 turns).

qw the Skirmisher (Deep Elf Hunter)                 Turns: 2837, Time: 00:00:10

Health: -1/29      AC:  6    Str: 10    XL:     5   Next: 59%
Magic:  7/7        EV: 11    Int: 14    God:
Gold:   145        SH:  0    Dex: 18    Spells: 4/4 levels left

rFire   . . .        a - +1 shortbow
rCold   . . .        (shield currently unavailable)
rNeg    . . .        g - +1 ring mail
rPois   .            (no helmet)
rElec   .            (no cloak)
rCorr   .            (no gloves)
SInv    .            (no boots)
Will    .....        (no amulet)
Stlth   +            (no ring)
HPRegen 0.24/turn    (no ring)
MPRegen 0.10/turn

%: no passive effects
@: no status effects
A: no striking features
a: no special abilities


You were on level 4 of the Dungeon.
You visited 1 branch of the dungeon, and saw 4 of its levels.

You collected 145 gold pieces.


   Skills:
 + Level 1.6 Fighting
 - Level 9.1 Ranged Weapons
 - Level 2.4 Dodging
 - Level 1.2 Stealth


You had 4 spell levels left.
You didn't know any spells.
Your spell library was empty.

Inventory:

Hand Weapons
 a - a +1 shortbow (weapon)
Armour
 g - a +1 ring mail (worn)
Scrolls
 c - a scroll of teleportation
Potions
 b - a potion of cancellation
 f - 2 potions of enlightenment

Dungeon Overview and Level Annotations

Branches:
Dungeon (4/15)
 Temple: D:4-7

Altars:

Shops:
D:2 [


Message History

You open the door.
There is an open door here.
You open the door.
A hobgoblin comes into view.
A malevolent force fills the Dungeon... and a teleportation trap spontaneously manifests!
You are yanked towards some nearby monsters!
Your surroundings suddenly seem different. 2 orcs come into view.
Found a spear and 11 gold pieces.
The orc shouts! x2; You hear a shout! x2
An orc priest comes into view.
It is wielding a +0 whip and wearing a +0 chain mail of fire resistance.
The hobgoblin moves out of view.
You shoot an arrow. The orc priest shouts!
The arrow hits the orc.
The orc is almost dead.
You shoot an arrow. The arrow closely misses the orc.
The orc hits you but does no damage.
You shoot an arrow. The arrow hits the orc.
You kill the orc!
The orc priest invokes the aid of Beogh against you.
Beogh smites you!
Ouch! That really hurt!
You shoot an arrow. The arrow hits the orc.
The orc is moderately wounded.
The orc priest calls upon Beogh to heal the orc.
The orc's wounds heal themselves!
You shoot an arrow. The arrow hits the orc.
The orc is moderately wounded.
An orc priest comes into view. It is wielding a +0 hand axe.
The orc hits you with a +0 dagger.
You shoot an arrow. The arrow hits the orc.
The orc is severely wounded.
The orc hits you but does no damage.
An orc comes into view.
It is wielding a +2 short sword of electrocution.
You shoot an arrow. The arrow closely misses the orc.
The orc barely misses you.
The orc priest calls down the wrath of Beogh upon you.
Beogh smites you!
You die...

#'###..#
.......#..#
..$....#..#
.###+###.##
#.# #######
+.....#
#.....#
#.....#
#.@...#
#oo####
#.o# o...
.....
.......
.....$..
#..##+###.


You could see 2 orc priests and 2 orcs.

Vanquished Creatures
  A bombardier beetle (D:4)
  12 adders
  3 dart slugs
  An orc (D:4)
  9 ball pythons
  6 endoplasms
  3 giant cockroaches
  10 goblins
  6 hobgoblins
  6 kobolds
  2 quokkas (D:3)
  3 bats (D:1)
  3 frilled lizards
  2 rats
67 creatures vanquished.

Notes
Turn   | Place    | Note
-------+----------+-------------------------------------------
     0 | D:1      | qw the Deep Elf Hunter began the quest for the Orb.
     0 | D:1      | Reached XP level 1. HP: 12/12 MP: 3/3
     0 | D:1      | 0 ||| qw: Version: 0.3-a-155-g5e7d8dd
     0 | D:1      | 0 ||| qw: Game counter: 1211
     0 | D:1      | 0 ||| qw: Melee chars always use a shield: true
     0 | D:1      | 0 ||| qw: God list: Okawaru
     0 | D:1      | 0 ||| qw: Allow faded altars: false
     0 | D:1      | 0 ||| qw: Do Orc after clearing Dungeon:15 true
     0 | D:1      | 0 ||| qw: Do second Lair branch before Depths: true
     0 | D:1      | 0 ||| qw: Lair rune preference: random
     0 | D:1      | 0 ||| qw: Goals: Normal
     0 | D:1      | 0 ||| PLANNING D:1-11
   114 | D:1      | Found a faded altar of an unknown god.
   224 | D:1      | Reached skill level 6 in Ranged Weapons
   224 | D:1      | Reached XP level 2. HP: 16/16 MP: 4/4
   586 | D:1      | 586 ||| UPGRADING to +0 ring mail.
   596 | D:1      | 596 ||| DROPPING +0 leather armour.
   597 | D:1      | 597 ||| READING 3 scrolls labelled KIGETHRAWEECH.
   598 | D:1      | 598 ||| READING scroll labelled ULYQ VEULU.
   599 | D:1      | 599 ||| DROPPING scroll of butterflies.
   600 | D:1      | 600 ||| DROPPING 2 scrolls of fear.
   846 | D:2      | Found Pucsocs's Antique Armour Boutique.
   852 | D:2      | 852 ||| SHOPLISTING cloak (126 gold, have 91).
   852 | D:2      | 852 ||| SHOPLISTING embroidered robe (103 gold, have 91).
   852 | D:2      | 852 ||| SHOPLISTING jewelled scarf (280 gold, have 91).
   852 | D:2      | 852 ||| SHOPLISTING pair of boots (126 gold, have 91).
   966 | D:2      | Reached XP level 3. HP: 8/20 MP: 5/5
  1118 | D:2      | Reached skill level 7 in Ranged Weapons
  1288 | D:2      | Reached XP level 4. HP: 25/25 MP: 6/6
  1368 | D:2      | Reached skill level 8 in Ranged Weapons
  1386 | D:2      | HP: 4/25 [adder (3)]
  1989 | D:2      | Reached XP level 5. HP: 29/29 MP: 7/7
  2043 | D:2      | 2043 ||| READING scroll labelled JIEX BADAU.
  2047 | D:2      | 2047 ||| READING 2 scrolls labelled MOGAYL ADYT.
  2047 | D:2      | 2047 ||| IDENTIFYING puce potion
  2048 | D:2      | 2048 ||| READING scroll of identify.
  2048 | D:2      | 2048 ||| IDENTIFYING coppery potion
  2049 | D:2      | 2049 ||| READING scroll labelled CADESH ICEHE.
  2050 | D:2      | 2050 ||| DRINKING 3 inky potions.
  2051 | D:2      | 2051 ||| DRINKING 2 bubbling amethyst potions.
  2052 | D:2      | 2052 ||| DRINKING potion of curing.
  2052 | D:2      | 2052 ||| (to cure confusion)
  2053 | D:2      | 2053 ||| DROPPING potion of ambrosia.
  2768 | D:3      | 2768 ||| READING scroll labelled UHOIN MOBOH.
  2768 | D:3      | 2768 ||| ENCHANTING +0 shortbow.
  2769 | D:3      | 2769 ||| READING scroll labelled RUELUM ISIN.
  2769 | D:3      | 2769 ||| ENCHANTING +0 ring mail.
  2821 | D:4      | Reached skill level 9 in Ranged Weapons
  2837 | D:4      | Killed from afar by an orc priest

Levels and vault maps discovered:
D:1:      shiori_arrival_oz, layout_loops_ring,
          hellmonk_ecumenical_altar_heavens_door
D:2:      layout_loops_ring, serial_shops, shop, serial_co_window_serial,
          co_window_corner_a, co_window_paths_a, co_window_of_opportunity_a,
          co_window_paths_b, co_window_corner_a, co_window_of_opportunity_b,
          co_window_unsneaky_path_d, co_window_broadway_b, co_window_2corner,
          co_window_sun, minmay_snake_closets
D:3:      layout_basic
D:4:      layout_gridville, temple_hall, gammafunk_ghost_grave,
          uniq_blork_the_orc, uniq_eustachio

Skill      XL: |  1  2  3  4  5 |
---------------+----------------+-----
Ranged Weapons | 6 7 8 9 |  9.1
Fighting       | |  1.6
Dodging        | |  2.4
Stealth        | |  1.2

Action                     |  1- 3 |  4- 6 || total
---------------------------+-------+-------++-------
   Fire: Shortbow          |    88 |   141 ||   229
    Use: Scroll            |     2 |     6 ||     8
         Potion            |       |     3 ||     3
 Armour: Leather armour    |     6 |       ||     6
         Ring mail         |    17 |    42 ||    59
  Dodge: Dodged            |    21 |    39 ||    60

Table legend:
 A = Non-vault XP
 B = Vault XP
 C = Vault XP percentage of total XP
 D = Non-vault monster count
 E = Vault monster count
 F = Vault count percentage of total count
                 A         B        C        D         E       F
            +---------+---------+-------+---------+---------+-------
      Total |     175 |     130 |  42.6 |      52 |      15 |  22.4
            +---------+---------+-------+---------+---------+-------
        D:1 |      35 |       2 |   5.4 |      19 |       1 |   5.0
        D:2 |      31 |     128 |  80.5 |      10 |      14 |  58.3
        D:3 |      60 |       0 |   0.0 |      19 |       0 |   0.0
        D:4 |      49 |       0 |   0.0 |       4 |       0 |   0.0
            +---------+---------+-------+---------+---------+-------
